 Dungeon Crawl Stone Soup version 0.19.0-2-gae57169 (webtiles) character file.

423 Leibowitz the Cutter (level 7, -5/40 HPs)
             Began as a Kobold Gladiator on Nov 6, 2016.
             Was an Initiate of Gozag.
             Killed by divine providence
             ... invoked by an orc priest
              (16 damage)
             ... on level 4 of the Dungeon.
             The game lasted 00:10:49 (2881 turns).

Leibowitz the Cutter (Kobold Gladiator)             Turns: 2881, Time: 00:10:50

Health: -5/40      AC:  7    Str: 13    XL:     7   Next: 17%
Magic:  7/7        EV: 14    Int:  9    God:    Gozag
Gold:   319        SH:  7    Dex: 17    Spells: 0 memorised, 6 levels left

rFire  . . .     SeeInvis .     a - +0 rapier
rCold  . . .     Gourm    .     b - +0 leather armour
rNeg   . . .     Faith    .     r - +0 shield
rPois  +         Spirit   .     c - +0 helmet
rElec  .         Reflect  .     w - +0 cloak
rCorr  .         Harm     .     s - +0 pair of gloves
MR     .....                    n - +0 pair of boots
Stlth  ++........               g - amulet of magic regeneration
                                (no ring)
                                e - ring of poison resistance

@: drained
A: carnivore 3
a: Potion Petition, Call Merchant, Bribe Branch, Renounce Religion


You were on level 4 of the Dungeon.
You worshipped Gozag.
Gozag was aware of your devotion.
You were full.

You visited 1 branch of the dungeon, and saw 4 of its levels.

You collected 345 gold pieces.
You paid 26 gold pieces to Gozag.

Inventory:

Hand Weapons
 a - a +0 rapier (weapon)
Missiles
 x - 13 poisoned needles
Armour
 b - a +0 leather armour (worn)
 c - a +0 helmet (worn)
 n - a +0 pair of boots (worn)
 r - a +0 shield (worn)
 s - a +0 pair of gloves (worn)
 w - a +0 cloak (worn)
Jewellery
 e - a ring of poison resistance (left hand)
 g - an amulet of magic regeneration (around neck)
Wands
 p - a wand of acid (10/15)
Scrolls
 i - a scroll of teleportation {unknown}
 k - a scroll of noise {unknown}
 o - 2 scrolls of remove curse {unknown}
 t - 2 scrolls of fog {unknown}
 u - a scroll of enchant armour {unknown}
Potions
 h - a potion of agility {unknown}
 j - a potion of brilliance {unknown}
 m - a potion of invisibility {unknown}
 q - 2 potions of heal wounds {unknown}
 v - a potion of mutation {unknown}
Comestibles
 f - 4 meat rations
 l - 2 beef jerkies


   Skills:
 + Level 2.9(2.8) Fighting
 + Level 7.4(7.3) Short Blades
 + Level 2.9(2.8) Throwing
 + Level 1.8(1.7) Armour
 + Level 5.0(4.9) Dodging
 + Level 2.3(2.2) Stealth
 + Level 0.1(0.0) Shields


You had 6 spell levels left.
You didn't know any spells.

Dungeon Overview and Level Annotations

Branches:
Dungeon (4/15)
 Temple: D:4-7

Altars:
Gozag


Innate Abilities, Weirdness & Mutations

You are small and have problems with some larger weapons.
You are carnivorous and can eat meat at any time.


Message History

The orc wizard flickers and vanishes!
Deactivating autopickup; reactivate with Ctrl-A.
The orc priest hits you but does no damage.
The orc priest completely misses you.
Throwing (i - inventory):
d - a throwing net (quivered)
Press: ? - help, Shift-Dir - straight line, f/p - orc priest
Aim: an orc priest, wielding a flail of holy wrath You throw a throwing net.
The throwing net barely misses the orc priest.
Something hits you but does no damage. The orc priest misses you.
You hit the orc priest.
The orc priest is moderately wounded.
The orc priest hits you with a flail of holy wrath.
* * * LOW HITPOINT WARNING * * *
You hear some strange, mumbled words.
Something tries to affect you, but you resist.
The orc priest calls down the wrath of Beogh upon you.
Beogh smites you!
You die...
Your body crumbles into a pile of gold.

..# #...#...#
#......# ..+
#...'...# #......#
..## ###.#####
#......# ...#
#.##..#.......####
...#
#.....#.......
...#
#.....#.......
...#
#....(#.......
.......
#...o.#.......
.......
#..@os+.......
.......
+...{.#.os....
.......
#+###'#......
####### #......#
#......# #......#
#......# #......#
#......#


You could see 2 orc priests and a giant cockroach.

Vanquished Creatures
  Sigmund (D:2)
  An orc priest (D:4)
  A centaur skeleton (D:4)
  An orc wizard (D:4)
  Ijyb (D:2)
  6 adders
  A gnoll (D:1)
  An ooze (D:3)
  2 dart slugs
  2 worms (D:3)
  6 leopard geckos
  2 orcs (D:4)
  A ball python (D:1)
  7 bats
  4 giant cockroaches
  8 goblins
  7 hobgoblins
  3 jackals (D:1)
  6 kobolds
  2 quokkas (D:3)
  4 frilled lizards
  8 rats
75 creatures vanquished.

Notes
Turn   | Place    | Note
-------+----------+-------------------------------------------
     0 | D:1      | Leibowitz the Kobold Gladiator began the quest for the Orb.
     0 | D:1      | Reached XP level 1. HP: 12/12 MP: 1/1
    61 | D:1      | Reached XP level 2. HP: 4/17 MP: 2/2
   402 | D:1      | Reached XP level 3. HP: 21/21 MP: 3/3
   549 | D:1      | Reached skill level 5 in Short Blades
   995 | D:2      | Reached XP level 4. HP: 11/27 MP: 4/4
  1265 | D:2      | Noticed Ijyb
  1281 | D:2      | Killed Ijyb
  1344 | D:2      | Reached skill level 1 in Stealth
  1344 | D:2      | Reached XP level 5. HP: 18/31 MP: 5/5
  1491 | D:2      | Found an opulent altar of Gozag.
  1506 | D:2      | Became a worshipper of Gozag Ym Sagoz the Greedy
  1526 | D:2      | Noticed Sigmund
  1600 | D:2      | Killed Sigmund
  1600 | D:2      | Reached skill level 6 in Short Blades
  1600 | D:2      | Reached skill level 1 in Armour
  1600 | D:2      | Reached XP level 6. HP: 26/36 MP: 6/6
  2570 | D:4      | Reached skill level 7 in Short Blades
  2570 | D:4      | Reached skill level 5 in Dodging
  2617 | D:4      | Reached XP level 7. HP: 22/40 MP: 7/7
  2881 | D:4      | Killed from afar by an orc priest

Skill      XL: |  1  2  3  4  5  6 |
---------------+-------------------+-----
Dodging        | 4 5 |  5.0
Short Blades   | 5 6 7 |  7.4
Stealth        | 1 2 |  2.3
Armour         | 1 |  1.8
Fighting       | |  2.9
Throwing       | |  2.9
Shields        | |  0.1

Action                   |  1- 3 |  4- 6 |  7- 9 || total
-------------------------+-------+-------+-------++-------
Melee: Rapier            |   104 |   178 |    28 ||   310
Throw: Throwing net      |       |     8 |     2 ||    10
Invok: Potion Petition   |       |       |     1 ||     1
 Stab: Sleeping          |     1 |     4 |       ||     5
       Distracted        |       |     1 |       ||     1
  Eat: Chunk             |     8 |     3 |       ||    11
Armor: Leather armour    |    17 |    29 |     4 ||    50
Dodge: Dodged            |    85 |   116 |    15 ||   216
Block: Shield            |       |    17 |    12 ||    29
